Map: Backwater LE

Players

Nice

  • Race: Protoss Protoss
  • Spawn Location: 5:00

Elazer - Winner!

  • Race: Zerg Zerg
  • Spawn Location: 11:00

Event: WCS Leipzig 2018

VOD

Have the link to the VOD?

Description

Time

  • Played on: Jan. 27, 2018, 4:28 a.m.
  • Length: 8:09

All games in this series

Show
View Real Time Build Order
Export as new Build Order

Nice Protoss 

Build Orders: 1 Gate Expand, Phoenix Opening 

Get SALT Encoding   

  12  0:00  Probe  
  13  0:13  Probe  
  14  0:20  Pylon  
  14  0:25  Probe  
  15  0:39  Probe (Chrono Boost), Gateway  
  16  0:49  Probe (Chrono Boost), Assimilator  
  17  0:54  Probe (Chrono Boost)  
  18  1:05  Probe (Chrono Boost)  
  19  1:13  Probe (Chrono Boost)  
  20  1:19  Probe  
  21  1:29  Nexus  
  21  1:37  Cybernetics Core  
  21  1:43  Assimilator  
  21  1:45  Probe  
  22  1:52  Pylon  
  22  1:57  Probe  
  23  2:10  Probe  
  23  2:11  Adept (Chrono Boost)  
  26  2:18  Stargate  
  27  2:22  Probe  
  27  2:26  Warp Gate  
  27  2:30  Adept  
  27  2:34  Probe  
  30  2:39  Pylon  
  30  2:42  Probe  
  31  2:47  Probe  
  32  2:54  Probe  
  33  2:59  Probe  
  33  3:01  Phoenix (Chrono Boost)  
  36  3:06  Probe  
  37  3:14  Twilight Council  
  37  3:15  Probe  
  38  3:24  Gateway  
  38  3:28  Robotics Facility  
  38  3:43  Gateway  
  38  3:44  Gateway  
  38  3:48  Gateway  
  38  3:50  Charge (Chrono Boost)  
  38  3:51  Gateway  
  38  4:01  Pylon  
  38  4:06  Gateway, Warp Prism  
  38  4:13  Gateway  
  40  4:23  Pylon  
  40  4:29  Zealot x2  
  44  4:32  Pylon  
  44  4:40  Zealot x2  
  48  4:53  Pylon  
  48  5:02  Zealot x6  
  48  5:03  Zealot  
  48  5:07  Zealot  
  56  5:29  Zealot x6  
  56  5:30  Zealot  
  52  5:47  Zealot  
  48  5:50  Zealot x3  
  48  5:51  Zealot x2  
  48  6:01  Probe x2 (Chrono Boost)  
  48  6:10  Probe x2 (Chrono Boost)  
  50  6:15  Probe x2 (Chrono Boost)  
  52  6:27  Nexus  
  56  6:44  Zealot x5  
  66  6:48  Immortal (Chrono Boost)  
  66  6:55  Pylon  
  66  6:58  Pylon  
  66  7:17  Immortal (Chrono Boost)  
  66  7:20  Zealot x8  
  54  7:45  Zealot x8  
Show
View Real Time Build Order
Export as new Build Order

Elazer Zerg - Winner!

Build Orders: Hatch First 

Get SALT Encoding   

  12  0:00  Drone  
  13  0:12  Overlord  
  13  0:16  Drone  
  14  0:30  Drone x2  
  14  0:34  Drone  
  17  0:51  Hatchery  
  17  0:54  Drone  
  17  0:57  Drone  
  18  1:08  Extractor  
  17  1:12  Spawning Pool  
  17  1:15  Drone  
  17  1:18  Drone  
  18  1:27  Drone  
  19  1:38  Drone  
  20  1:48  Overlord  
  20  1:58  Queen  
  22  2:02  Queen  
  22  2:03  Zergling x4  
  22  2:08  Metabolic Boost  
  26  2:10  Drone  
  26  2:14  Drone  
  28  2:21  Drone  
  29  2:24  Drone  
  30  2:35  Hatchery  
  30  2:37  Drone  
  30  2:38  Drone  
  31  2:45  Queen  
  31  2:50  Overlord  
  33  2:53  Drone  
  33  2:57  Drone  
  35  2:58  Drone  
  36  3:09  Drone x2  
  36  3:10  Drone x3  
  41  3:18  Overlord  
  41  3:20  Drone  
  41  3:21  Queen  
  44  3:28  Overlord  
  44  3:35  Overlord  
  44  3:36  Lair  
  44  3:44  Overlord  
  44  3:48  Zergling x4  
  46  3:49  Drone x2  
  46  3:50  Drone  
  46  3:51  Drone  
  46  3:55  Drone x3  
  53  3:59  Drone  
  53  4:00  Drone  
  55  4:07  Overlord  
  55  4:10  Extractor x2  
  55  4:11  Drone x2  
  55  4:12  Drone  
  55  4:14  Drone  
  55  4:15  Drone  
  55  4:16  Spore Crawler x2  
  56  4:17  Overlord  
  56  4:22  Roach Warren  
  56  4:23  Drone  
  56  4:26  Overlord  
  56  4:27  Drone  
  56  4:29  Drone  
  58  4:32  Drone x2  
  58  4:34  Drone  
  58  4:37  Extractor, Overseer  
  60  4:42  Overlord  
  60  4:45  Drone x2  
  62  4:46  Zergling x2  
  62  4:47  Zergling x4  
  62  4:49  Zergling x4  
  62  4:52  Zergling x4  
  69  4:56  Overlord  
  69  5:02  Roach  
  69  5:03  Roach x2  
  69  5:06  Roach x2  
  79  5:10  Evolution Chamber  
  79  5:12  Roach  
  80  5:16  Roach  
  80  5:17  Roach  
  80  5:20  Roach x2  
  87  5:29  Roach x3  
  89  5:36  Roach x3  
  89  5:42  Roach x2  
  88  5:49  Roach x3  
  90  5:52  Glial Reconstitution  
  90  5:55  Queen  
  91  5:59  Zerg Missile Weapons Level 1  
  91  6:00  Drone  
  91  6:02  Drone  
  93  6:07  Overlord  
  93  6:09  Queen  
  95  6:18  Roach x4  
  103  6:27  Roach x4  
  103  6:30  Overlord  
  113  6:33  Roach  
  113  6:36  Overlord  
  113  6:43  Overlord  
  113  6:52  Overlord  
  113  6:55  Roach x3  
  119  7:06  Roach x3  
  121  7:21  Overlord  
  121  7:22  Drone x6  
  125  7:24  Spire  
  125  7:25  Ravager  
  125  7:26  Ravager x7  
  126  7:40  Roach x6  
  128  7:49  Roach  
  128  7:50  Roach x3  
Tags
 
Add a new tag
Caveats
  • Supply blocks, unpowered buildings, or Contaminate may cause inaccurate times.
  • Supply counts are checked every 10 seconds.